 Dungeon Crawl Stone Soup version 0.31.0-32-g396128a36d (webtiles) character file.

Game seed: 394320222274569937

15712 TacoSundae the Convoker (level 12, -7/74 HPs)
             Began as a Barachi Summoner on Apr 12, 2024.
             Was a High Priest of Sif Muna.
             Mangled by a komodo dragon (23 damage)
             ... on level 2 of the Lair of Beasts.
             The game lasted 01:14:52 (12192 turns).

TacoSundae the Convoker (Barachi Summoner)         Turns: 12192, Time: 01:14:54

Health: -7/74      AC:  8    Str: 11    XL:     12   Next: 29%
Magic:  15/25      EV: 16    Int: 19    God:    Sif Muna [*****.]
Gold:   100        SH:  0    Dex: 13    Spells: 5/30 levels left

rFire   . . .        N - +3 trident
rCold   . . .        (no shield)
rNeg    . . .        p - +0 troll leather armour {Pargi}
rPois   .            n - +0 helmet
rElec   .            E - +2 cloak
rCorr   .            K - +0 pair of gloves
SInv    .            (no boots)
Will    .....        L - amulet of magic regeneration
Stlth   ++           s - ring of flight
HPRegen 1.12/turn    F - +5 ring of evasion
MPRegen 0.59/turn

%: no passive effects
@: unable to call your familiar, flying, slow
A: amphibious, slowness 1, strong legs 1, +LOS
a: Hop, Renounce Religion, Channel Magic, Forget Spell, Divine Exegesis


You were on level 2 of the Lair of Beasts.
You worshipped Sif Muna.
Sif Muna was extremely pleased with you.
You visited 3 branches of the dungeon, and saw 13 of its levels.
You also visited: Sewer and Bailey.

You collected 793 gold pieces.
You spent 693 gold pieces at shops.

Inventory:

Hand Weapons
 e - a +0 dagger
 C - a +1 dagger of venom
 I - the +3 mace of the Final Decision {freeze, Fly rC+ Str+2}
   (You took it off an orc on level 9 of the Dungeon)

   Str+2:     It affects your strength (+2).
   rC+:       It protects you from cold.
   Fly:       It grants you flight.
 N - a +3 trident (weapon)
Armour
 a - the +1 leather armour of the Hanged Man {rElec}
   (You found it on level 7 of the Dungeon)

   rElec:     It insulates you from electricity.
 n - a +0 helmet (worn)
 p - a +0 troll leather armour (worn) {Pargi}
 A - a +0 cloak of stealth
 E - a +2 cloak (worn)
 K - a +0 pair of gloves (worn)
Jewellery
 j - a ring of fire
 s - a ring of flight (left hand)
 F - a +5 ring of evasion (right hand)
 L - an amulet of magic regeneration (around neck)
Wands
 r - a wand of iceblast (3)
 u - a wand of flame (57)
 B - a wand of digging (5)
 H - a wand of polymorph (6)
 J - a wand of light (6)
Scrolls
 f - 4 scrolls of enchant armour
 h - a scroll of blinking
 i - 2 scrolls of fog
 l - 3 scrolls of poison
 m - 3 scrolls of enchant weapon
 w - 2 scrolls of fear
 y - a scroll of immolation
 D - 2 scrolls of identify
Potions
 b - 4 potions of magic
 c - 4 potions of heal wounds
 d - a potion of lignification
 g - 3 potions of curing
 k - 2 potions of haste
 o - 4 potions of mutation
 q - 2 potions of enlightenment
 v - a potion of ambrosia
 x - a potion of resistance
 z - 2 potions of berserk rage
 M - 2 potions of cancellation
Miscellaneous
 G - a sack of spiders


   Skills:
 - Level 2.1 Dodging
 - Level 1.7 Stealth
 - Level 9.9 Spellcasting
 * Level 16.8 Summonings
 - Level 5.1 Fire Magic
 - Level 5.0 Air Magic
 - Level 7.2 Invocations


You had 5 spell levels left.
You knew the following spells:

 Your Spells              Type           Power      Damage    Failure   Level
a - Summon Small Mammal   Summ           100%       N/A       0%          1
b - Call Imp              Summ           100%       N/A       0%          2
c - Call Canine Familiar  Summ           65%        N/A       1%          3
d - Summon Blazeheart Go  Fire/Summ      50%        N/A       1%          4
e - Summon Lightning Spi  Summ/Air       50%        N/A       1%          4
f - Summon Hydra          Summ           32%        N/A       9%          7
g - Martyr's Knell        Necr/Summ      41%        N/A       3%          4

Your spell library contained the following spells:

 Spells                   Type           Power      Damage    Failure   Level
 Apportation              Tloc           18%        N/A       10%         1
 Magic Dart               Conj           36%        1d4       10%         1
 Necrotise                Necr           36%        1d5       10%         1
 Sting                    Conj/Alch      36%        1d5       10%         1
 Inner Flame              Hex/Fire       19%        N/A       11%         3
 Ensorcelled Hibernation  Hex/Ice        18%        N/A       16%         2
 Searing Ray              Conj           18%        2d5       16%         2
 Sublimation of Blood     Necr           9%         N/A       16%         2
 Fugue of the Fallen      Necr           9%         N/A       30%         3
 Vampiric Draining        Necr           9%         2d6       30%         3
 Flame Wave               Conj/Fire      19%        2d7       34%         4
 Sticky Flame             Fire/Alch      19%        2d6       34%         4
 Anguish                  Hex/Necr       4%         N/A       69%         4
 Fulminant Prism          Conj/Alch      4%         3d5       69%         4
 Passage of Golubria      Tloc           9%         N/A       69%         4
 Silence                  Hex/Air        9%         N/A       69%         5
 Curse of Agony           Necr           9%         N/A       95%         5
 Lehudib's Crystal Spear  Conj/Erth      4%         10d3      100%        8


Dungeon Overview and Level Annotations

Branches:
Dungeon (10/15)            Temple (1/1) D:5            Lair (2/5) D:9
    Orc (0/2) D:10          Sewer (visited)          Bailey (visited)
  Swamp: Lair:2-3    Shoals: Lair:2-3     Snake: Lair:2-3    Spider: Lair:2-3

Altars:
Ashenzari
Cheibriados
Dithmenos
Elyvilon
Fedhas
Gozag
Hepliaklqana
Kikubaaqudgha
Makhleb
Nemelex Xobeh
Okawaru
Qazlal
Ru
Sif Muna
Trog
Uskayaw
Vehumet
Wu Jian
Xom
Yredelemnul
Zin
The Shining One

Shops:
D:4 =   D:7 [

Annotations:
D:3 2 transporters, obamaself2's ghost, weakling DgAE


Innate Abilities, Weirdness & Mutations

You are amphibious.
You cover ground slowly.
You can hop short distances.
You have an extended range of vision and can be seen from far away.


Message History

Your eight-headed hydra barely misses the komodo dragon.
Your eight-headed hydra bites the komodo dragon.
Unknown command.
You closely miss the komodo dragon.
The komodo dragon is severely wounded.
Your cerulean imp hits the yak with a +1 spear.
Your inugami barely misses the yak.
The black bear bites your inugami but does no damage.
The black bear misses your inugami. x2; The yak gores your martyred shade!
The yak misses you.
Your eight-headed hydra bites the komodo dragon!
Your eight-headed hydra barely misses the komodo dragon.
Your eight-headed hydra bites the komodo dragon but does no damage.
Your eight-headed hydra bites the komodo dragon.
Your eight-headed hydra bites the komodo dragon!
Your eight-headed hydra bites the komodo dragon.
Your eight-headed hydra bites the komodo dragon!
Your eight-headed hydra closely misses the komodo dragon.
The yak gores your inugami!
Your inugami dies!
Your inugami disappears in a puff of smoke!
The komodo dragon bites you!!
* * * LOW HITPOINT WARNING * * *
The komodo dragon closely misses your eight-headed hydra.
Your cerulean imp hits the yak but does no damage.
Unknown command.
Unknown command.
Your eight-headed hydra closely misses the komodo dragon.
Your eight-headed hydra bites the komodo dragon but does no damage.
Your eight-headed hydra closely misses the komodo dragon.
Your eight-headed hydra bites the komodo dragon.
Your eight-headed hydra bites the komodo dragon!
Your eight-headed hydra bites the komodo dragon.
The komodo dragon dies!
Sif Muna accepts your kill.
Your eight-headed hydra completely misses the komodo dragon. x2
The yak gores your martyred shade.
The komodo dragon attacks as it pursues you!
The komodo dragon bites you!!
You die...

.............#
#...........#
............#
#..†.†..... #YYh#..#
.###### ##hYY.#.##
.###+..#..####.D†W....##
............##..lY5....#
.............#..@.....##
............##........#
......................#
.......P..............#
....P.................#
......................#
.....†.........P..#####
###.#........##...#
#.)#....P####P.###


You could see a komodo dragon, 5 yaks, 2 black bears, a friendly eight-headed
hydra (summoned, sheltered), a friendly martyred shade (summoned) and a friendly
cerulean imp (summoned, sheltered).

Vanquished Creatures
  A troll (D:10)
  4 yaks
  2 nameless horrors (D:9)
  A phantom (D:5)
  2 bullfrogs
  A brain worm (Sewer)
  A jelly (D:5)
  2 howler monkeys
  An electric eel (D:9)
  A gnoll bouda (D:7)
  2 iguanas (D:5)
  3 gnolls
  An adder (D:2)
  3 orcs
  2 ball pythons
  A goblin (Bailey)
  A hobgoblin (Bailey)
  A kobold (D:9)
  A bat (D:1)
31 creatures vanquished.

Vanquished Creatures (collateral kills)
  A two-headed ogre (D:8)
  An orc knight (Bailey)
  4 cane toads
  Maggie (D:10)
  2 komodo dragons
  A kobold demonologist (D:10)
  A polar bear (Lair:2)
  A troll (D:9)
  A hornet (D:8)
  Grinder (D:5)
  23 yaks
  3 wraiths (D:10)
  A wyvern (D:9)
  5 steam dragons
  A vampire mosquito (D:10)
  3 water moccasins
  A nameless horror (D:8)
  Pargi (Sewer)
  13 orc warriors
  3 ice beasts
  A sky beast (D:8)
  2 black bears
  9 wolves
  An ogre (D:5)
  3 centaurs
  Blork the orc (D:4)
  3 kobold brigands
  A brain worm (Sewer)
  4 bullfrogs
  A scorpion (D:6)
  14 killer bees
  14 howler monkeys
  An electric eel (D:9)
  4 hounds
  2 jellies
  An orc priest (D:6)
  2 sleepcaps
  3 gnoll boudas
  An iguana (D:5)
  5 orc wizards
  An adder (D:6)
  25 gnolls
  A white imp (D:6)
  2 dart slugs
  5 ribbon worms
  35 orcs
  8 ball pythons
  3 bats
  7 endoplasms
  2 giant cockroaches (D:1)
  19 goblins
  6 hobgoblins
  9 jackals
  14 kobolds
  3 quokkas (D:1)
  5 frilled lizards
  4 rats
  A butterfly (Lair:2)
291 creatures vanquished.

Vanquished Creatures (others)
  A killer bee (D:10)
  3 blazeheart cores
4 creatures vanquished.

Grand Total: 326 creatures vanquished

Notes
Turn   | Place    | Note
-------+----------+-------------------------------------------
     0 | D:1      | TacoSundae the Barachi Summoner began the quest for the
                  | Orb.
     0 | D:1      | Reached XP level 1. HP: 13/13 MP: 3/3
   119 | D:1      | Reached skill level 5 in Summonings
   180 | D:1      | Reached XP level 2. HP: 16/19 MP: 3/5
   439 | D:1      | Learned a level 2 spell: Call Imp
   628 | D:1      | Reached XP level 3. HP: 11/24 MP: 5/7
   947 | D:1      | Learned a level 3 spell: Call Canine Familiar
   974 | D:2      | Found a snail-covered altar of Cheibriados.
  1417 | D:2      | Reached skill level 6 in Summonings
  1728 | D:3      | Reached XP level 4. HP: 16/30 MP: 1/8
  1893 | D:3      | Found a broken altar of Ashenzari.
  2031 | D:3      | Reached XP level 5. HP: 35/35 MP: 1/10
  2309 | D:3      | Found a transporter.
  2326 | D:3      | Found a transporter.
  2328 | D:3      | Noticed obamaself2's ghost (weakling DgAE)
  2328 | D:3      | Noticed an ogre
  2724 | D:4      | Noticed Blork the orc
  2959 | D:4      | Found Qoru's Jewellery Shop.
  2972 | D:4      | Reached skill level 7 in Summonings
  3035 | D:4      | Killed Blork the orc
  3036 | D:4      | Reached XP level 6. HP: 17/41 MP: 3/11
  3277 | D:4      | Learned a level 4 spell: Summon Blazeheart Golem
  3846 | D:5      | Entered Level 5 of the Dungeon
  3993 | D:5      | Reached skill level 8 in Summonings
  3993 | D:5      | Reached skill level 1 in Fire Magic
  4055 | D:5      | Found a staircase to the Ecumenical Temple.
  4073 | Temple   | Entered the Ecumenical Temple
  4101 | Temple   | Became a worshipper of Sif Muna the Loreminder
  4165 | D:5      | Noticed an ice beast
  4183 | D:5      | Killed an ice beast
  4184 | D:5      | Reached XP level 7. HP: 46/46 MP: 4/13
  4276 | D:5      | Found a glowing drain.
  4322 | Sewer    | Entered a sewer
  4425 | Sewer    | Noticed Pargi
  4436 | Sewer    | Killed Pargi
  4437 | Sewer    | Reached skill level 9 in Summonings
  4728 | D:5      | Noticed Grinder
  4736 | D:5      | Reached skill level 5 in Spellcasting
  4736 | D:5      | Reached XP level 8. HP: 52/52 MP: 12/15
  4776 | D:5      | Killed Grinder
  4954 | D:5      | Reached skill level 10 in Summonings
  4979 | D:5      | Reached * piety under Sif Muna
  5437 | D:6      | Found a bloodstained altar of Trog.
  5487 | D:6      | Reached skill level 1 in Invocations
  5725 | D:6      | Reached XP level 9. HP: 52/57 MP: 7/18
  5863 | D:6      | Reached skill level 11 in Summonings
  5970 | D:6      | Reached skill level 5 in Fire Magic
  6189 | D:7      | Found Zutse's Antique Armour Emporium.
  6228 | D:7      | Bought a distressingly furry robe for 131 gold pieces
  6228 | D:7      | Identified the +0 robe "Leahae" {Fly} (You bought it in a
                  | shop on level 7 of the Dungeon)
  6229 | D:7      | Bought a glowing cloak for 172 gold pieces
  6301 | D:7      | Found a sparkling altar of Nemelex Xobeh.
  6307 | D:7      | Learned a level 4 spell: Summon Lightning Spire
  6326 | D:7      | Reached ** piety under Sif Muna
  6340 | D:7      | Reached skill level 1 in Air Magic
  6399 | D:7      | Identified the +1 leather armour of the Hanged Man {rElec}
  6507 | D:7      | Reached skill level 12 in Summonings
  6771 | D:8      | Noticed a hornet
  6794 | D:8      | Killed a hornet
  6932 | D:8      | Noticed a two-headed ogre
  6944 | D:8      | Killed a two-headed ogre
  6945 | D:8      | Reached XP level 10. HP: 63/63 MP: 6/20
  7153 | D:8      | Found a glowing golden altar of the Shining One.
  7390 | D:8      | Reached skill level 13 in Summonings
  7531 | D:8      | Identified a scroll of acquirement
  7531 | D:8      | Acquired a book of Blood
  7544 | D:8      | Learned a level 7 spell: Summon Hydra
  7554 | D:8      | Identified the +0 short sword of the Maze {vamp, Int+3}
  7827 | D:9      | Identified the +1 leather armour "Miolualo" {-Tele Regen+
                  | Str+3 Dex+4}
  7973 | D:9      | Found a flagged portal.
  7995 | Bailey   | Entered a bailey
  8014 | Bailey   | Reached *** piety under Sif Muna
  8224 | Bailey   | Noticed an orc knight
  8240 | Bailey   | Killed an orc knight
  8748 | D:9      | Reached skill level 5 in Air Magic
  8748 | D:9      | Reached skill level 5 in Invocations
  8860 | D:9      | Reached skill level 14 in Summonings
  8863 | D:9      | Reached XP level 11. HP: 68/68 MP: 20/23
  8910 | D:9      | Found a staircase to the Lair.
  8929 | D:9      | Identified the +3 mace of the Final Decision {freeze, Fly
                  | rC+ Str+2}
  9024 | D:9      | Reached **** piety under Sif Muna
  9322 | D:10     | Entered Level 10 of the Dungeon
  9512 | D:10     | Reached skill level 15 in Summonings
  9676 | D:10     | Learned a level 4 spell: Martyr's Knell
  9966 | D:10     | Identified the +1 scale mail of the Arcane {Harm Rampage}
 10208 | D:10     | Noticed Maggie
 10235 | D:10     | Killed Maggie
 10331 | D:10     | Reached ***** piety under Sif Muna
 10422 | D:10     | Found a staircase to the Orcish Mines.
 10746 | D:4      | Bought an amulet of magic regeneration for 390 gold pieces
 10853 | Lair:1   | Entered Level 1 of the Lair of Beasts
 10854 | Lair:1   | Noticed a nameless horror
 11107 | D:9      | Reached skill level 16 in Summonings
 11109 | D:9      | Reached XP level 12. HP: 72/74 MP: 12/25
 11192 | D:9      | Killed a nameless horror
 12192 | Lair:2   | Mangled by a komodo dragon

Illustrated notes

Levels and vault maps discovered:
D:1:      psy_arrival_fountain, layout_basic
D:2:      layout_basic, basic_altar
D:3:      layout_basic, ashenzari_conservatory_becter, gammafunk_ghost_smash,
          chequers_serial_rivers_large_a
D:4:      layout_cave_pods, serial_shops, nicolae_shop_advertising_works
          [nicolae_subvault_shop_adworks], nicolae_tricolors, uniq_blork_the_orc
D:5:      layout_loops_corners, minmay_temple_entry_crystal_x,
          cheibrodos_sewer_entry_bend, uniq_grinder
D:6:      layout_loops_ring, mainiacjoe_overflow_small_starburst
D:7:      layout_rooms, mainiacjoe_overflow_chevrons, serial_shops,
          nicolae_stop_n_shop_1
D:8:      layout_loops_ring, nicolae_tso_swordbearing_angel
D:9:      layout_loops_ring, lair_entry_dummy, enter_bailey_5, serial_bayou,
          serial_bayou_lake_a, serial_bayou_crossing, serial_bayou_shore_a,
          serial_bayou_shore_b
D:10:     kennysheep_blocky_hall, layout_cave_pools, david_orc_2,
          minmay_diced_spiral, uniq_maggie
Temple:   mainiacjoe_temple_bowtie_tessellation
Lair:1:   layout_regular_city, minivault_24
Lair:2:   layout_roguey, minmay_snake_entry_six_corridors, beast_lair_carwin_3,
          lemuel_fruit_fields

Skill      XL: |  1  2  3  4  5  6  7  8  9 10 11 12 |
---------------+-------------------------------------+-----
Summonings     | 5 6 7 8 9 10 12 14 16 | 16.8
Spellcasting   | 3 4 5 6 7 8 9 |  9.9
Fire Magic     | 1 3 4 5 |  5.1
Invocations    | 1 3 5 6 7 |  7.2
Air Magic      | 3 5 |  5.0
Dodging        | |  2.1
Stealth        | |  1.7

Action                     |  1- 3 |  4- 6 |  7- 9 | 10-12 || total
---------------------------+-------+-------+-------+-------++-------
  Melee: Dagger            |    14 |    12 |       |       ||    26
         Trident           |       |     7 |    88 |   208 ||   303
         Punch             |       |       |       |     2 ||     2
   Cast: Summon Small Mamm |    33 |    11 |     5 |     2 ||    51
         Call Imp          |    10 |    22 |    39 |    53 ||   124
         Call Canine Famil |     2 |    17 |    27 |    47 ||    93
         Summon Blazeheart |       |       |     5 |     4 ||     9
         Summon Lightning  |       |       |     4 |    53 ||    57
         Martyr's Knell    |       |       |       |    14 ||    14
         Summon Hydra      |       |       |       |     4 ||     4
 Invoke: Channel Magic     |       |       |       |     2 ||     2
Ability: Hop               |     1 |     1 |     1 |     5 ||     8
  Evoke: Wand              |       |       |     2 |     3 ||     5
    Use: Scroll            |       |    10 |     5 |    10 ||    25
         Potion            |       |       |       |     7 ||     7
   Stab: Distracted        |       |       |     2 |     2 ||     4
 Armour: Robe              |    33 |    31 |     2 |       ||    66
         Troll leather arm |       |       |    64 |   196 ||   260
  Dodge: Dodged            |    30 |    38 |    49 |   238 ||   355
